 Dungeon Crawl Stone Soup version 0.20.0-10-g0535bb4 (webtiles) character file.

6404 Monsterracer the Grappler (level 10, -8/87 HPs)
             Began as a Naga Transmuter on June 3, 2017.
             Was an Initiate of Cheibriados.
             Mangled by a yak (13 damage)
             ... on level 9 of the Dungeon.
             The game lasted 00:30:57 (12310 turns).

Monsterracer the Grappler (Naga Transmuter)        Turns: 12310, Time: 00:30:57

Health: -8/87      AC:  2    Str: 15    XL:     10   Next: 98%
Magic:  23/23      EV: 23    Int: 17    God:    Cheibriados [......]
Gold:   471        SH:  0    Dex: 20    Spells: 0/15 levels left

rFire    + . .     SeeInvis +     - Unarmed
rCold    . . .     Gourm    .   (shield currently unavailable)
rNeg     . . .     Faith    .   (armour currently unavailable)
rPois    x         Spirit   .   (helmet currently unavailable)
rElec    .         Reflect  .   (cloak currently unavailable)
rCorr    .         Harm     .   (gloves currently unavailable)
MR       +....                  (no barding)
Stlth    ++........             (no amulet)
Regen    0.3/turn               y - ring of magical power
MPRegen  0.2/turn               q - ring of Usumiebb {rF+ Dex+3}

@: spider-form (expiring), very slow
A: see invisible, slow metabolism 1, spit poison 1, AC +3
a: Spit Poison, End Transformation, Bend Time, Renounce Religion


You were on level 9 of the Dungeon.
You worshipped Cheibriados.
Cheibriados was noncommittal.
You were not hungry.
You were a venomous arachnid creature.
You visited 2 branches of the dungeon, and saw 10 of its levels.
You also visited: Sewer and Ossuary.

You collected 471 gold pieces.

Inventory:

Missiles
 a - 88 arrows
Armour
 b - a +0 robe (melded)
 p - a +1 pair of gloves (melded)
 t - a +2 ring mail of magic resistance
Jewellery
 o - an uncursed ring of protection from cold
 q - the ring of Usumiebb (right front leg) {rF+ Dex+3}
   (You found it on level 6 of the Dungeon)

   [ring of dexterity]

   It affects your dexterity (+3).
   It protects you from fire.
 r - an uncursed ring of ice
 y - a ring of magical power (left front leg)
Wands
 v - a wand of lightning (7/15)
Scrolls
 g - 2 scrolls of fear
 h - 3 scrolls of remove curse
 i - 2 scrolls of amnesia
 u - 5 scrolls of identify
 x - a scroll of teleportation
Potions
 c - a potion of invisibility
 e - 8 potions of curing
 j - a potion of magic
 k - a potion of haste
 m - 2 potions of brilliance
 s - 5 potions of heal wounds
 z - 4 potions of flight
Books
 w - a book of Callings

   Spells                             Type                      Level
   a - Summon Small Mammal            Summoning                    1
   b - Call Imp                       Summoning                    2
   c - Call Canine Familiar           Summoning                    3
   d - Summon Guardian Golem          Hexes/Summoning              3
   e - Summon Lightning Spire         Summoning/Air                4
   f - Summon Ice Beast               Ice/Summoning                4
Comestibles
 d - 5 bread rations
 f - 4 meat rations
 l - a royal jelly
 n - 2 fruits


   Skills:
 + Level 4.7 Fighting
 + Level 4.2 Dodging
 * Level 11.3 Unarmed Combat
 - Level 3.0 Spellcasting
 - Level 2.0 Hexes
 + Level 9.4 Transmutations
 + Level 1.2 Invocations


You couldn't memorise any spells.
You knew the following spells:

 Your Spells              Type           Power        Failure   Level  Hunger
a - Confusing Touch       Hex            #.....       21%         1    None
b - Sticks to Snakes      Tmut           ####....     3%          2    ##.....
c - Spider Form           Tmut/Pois      ###.......   21%         3    ###....
d - Blade Hands           Tmut           ####......   24%         5    ######.
e - Ice Form              Ice/Tmut       ###.....     45%         4    ####...


Dungeon Overview and Level Annotations

Branches:
Dungeon (9/15)             Temple (1/1) D:4            Lair (0/6) D:8
    Orc: D:9-12

Altars:
Ashenzari
Cheibriados
Dithmenos
Elyvilon
Fedhas
Gozag
Hepliaklqana
Kikubaaqudgha
Makhleb
Nemelex Xobeh
Okawaru
Qazlal
Ru
Sif Muna
Trog
Uskayaw
Vehumet
Xom
Yredelemnul
Zin
The Shining One

Shops:
D:8 *


Innate Abilities, Weirdness & Mutations

You cannot wear boots.
((Your serpentine skin is tough. (AC +3)))
You have supernaturally acute eyesight. (SInv)
((Armour fits poorly on your strangely shaped body.))
((Your system is resistant to poisons. (rPois)))
((You cover ground very slowly.))
You have a slow metabolism.
You can spit poison.
((Your tail ends in a poisonous barb.))
((You are partially covered in iridescent scales. (AC +2)))
((You are resistant to electric shocks. (rElec)))


Message History

The yak gores you.
* * * LOW HITPOINT WARNING * * *
You barely miss the yak.
The yak is lightly wounded.
The yak closely misses you.
You hit the yak but do no damage.
The yak is poisoned.
The yak is lightly wounded.
You bite the yak!
The yak looks as sick as possible!
The yak is heavily wounded.
The yak gores you!
* * * LOW HITPOINT WARNING * * *
Okay, then.
Casting: Spider Form
Confirm with . or Enter, or press ? or * to list all spells.
Okay, then.
The yak completely misses you.
Your transformation is almost over.
The yak closely misses you. The yak gores you!
You die...

#..........#
#........(.# ..
########†### .> #.# #.
#o# #. #o# #. #.# #.
#.###################.
#.ooYs....<...........
#####################.
#. #. ##


You could see a yak and 2 orcs.

Vanquished Creatures
  A two-headed ogre (D:8)
  Pikel (D:4)
  2 hippogriffs
  2 yaks (D:9)
  A hungry ghost (D:6)
  A steam dragon (D:8)
  A water moccasin (D:8)
  2 phantoms
  2 sky beasts (D:8)
  4 orc warriors
  2 black bears (D:8)
  A slave (D:4)
  5 ogres
  4 centaurs
  A crocodile (Sewer)
  5 bullfrogs
  A wyvern skeleton (D:8)
  A water moccasin zombie (Ossuary)
  4 killer bees (D:7)
  3 electric eels (D:8)
  2 crimson imps
  3 bullfrog zombies
  5 hounds
  A jelly (D:7)
  4 orc priests
  A centaur skeleton (D:8)
  6 orc wizards
  3 iguanas
  7 worker ants
  2 killer bee zombies
  4 hound zombies
  16 mummies (Ossuary)
  3 worker ant zombies
  A howler monkey zombie (Ossuary)
  A howler monkey skeleton (D:8)
  7 gnolls
  14 adders
  A shadow imp (D:7)
  An ooze (D:4)
  2 adder zombies (Ossuary)
  5 worms
  3 dart slugs
  6 leopard geckos
  57 orcs
  4 ball pythons
  6 giant cockroaches
  10 goblins
  8 hobgoblins
  16 jackals
  12 kobolds
  13 bats
  6 frilled lizards
  A giant cockroach zombie (Ossuary)
  A jackal skeleton (D:8)
  A jackal zombie (Ossuary)
  6 rats
283 creatures vanquished.

Vanquished Creatures (others)
  2 slaves (D:4)
  An ogre (D:4)
  An adder (D:4)
  2 jackals (D:4)
  A withered plant (Ossuary)
7 creatures vanquished.

Grand Total: 290 creatures vanquished

Notes
Turn   | Place    | Note
-------+----------+-------------------------------------------
     0 | D:1      | Monsterracer the Naga Transmuter began the quest for the Orb.
     0 | D:1      | Reached XP level 1. HP: 18/18 MP: 3/3
   198 | D:1      | Reached XP level 2. HP: 20/25 MP: 3/5
   211 | D:1      | Learned a level 2 spell: Sticks to Snakes
   769 | D:1      | Reached skill level 4 in Unarmed Combat
   973 | D:1      | Reached XP level 3. HP: 31/31 MP: 4/6
   978 | D:1      | Learned a level 3 spell: Spider Form
  1970 | D:2      | Reached XP level 4. HP: 24/38 MP: 7/7
  2709 | D:3      | Reached XP level 5. HP: 44/44 MP: 4/8
  2712 | D:3      | Reached skill level 5 in Unarmed Combat
  2941 | D:3      | Gained mutation: You are partially covered in iridescent scales. (AC +2) [potion of mutation]
  2941 | D:3      | Gained mutation: Your tail ends in a poisonous barb. [potion of mutation]
  2941 | D:3      | Gained mutation: You are resistant to electric shocks. (rElec) [potion of mutation]
  3684 | D:4      | Noticed an ogre
  3824 | D:4      | Killed an ogre
  3824 | D:4      | Reached skill level 6 in Unarmed Combat
  3824 | D:4      | Reached XP level 6. HP: 49/51 MP: 5/9
  3945 | D:4      | Noticed a slave
  3946 | D:4      | Noticed a slave
  3947 | D:4      | Noticed a slave
  3947 | D:4      | Noticed Pikel
  3948 | D:4      | Noticed a slave
  3953 | D:4      | Killed a slave
  3958 | D:4      | Killed Pikel
  3958 | D:4      | Reached skill level 7 in Unarmed Combat
  3958 | D:4      | Reached skill level 5 in Transmutations
  3958 | D:4      | Reached XP level 7. HP: 24/57 MP: 7/10
  4174 | D:4      | Reached XP level 8. HP: 52/64 MP: 8/11
  4287 | D:4      | Reached skill level 8 in Unarmed Combat
  4364 | D:4      | HP: 3/64 [gnoll/spear (10)]
  4407 | D:4      | HP: 2/64 [gnoll/spear (9)]
  4720 | D:4      | Learned a level 5 spell: Blade Hands
  5368 | D:4      | Found a staircase to the Ecumenical Temple.
  5460 | Temple   | Entered the Ecumenical Temple
  6148 | D:5      | Entered Level 5 of the Dungeon
  6193 | D:5      | Found a glowing drain.
  6218 | Sewer    | Entered a sewer
  6632 | D:5      | Reached skill level 9 in Unarmed Combat
  6824 | D:5      | Found a glowing golden altar of the Shining One.
  6849 | D:5      | Noticed a hippogriff
  6857 | D:5      | Killed a hippogriff
  6857 | D:5      | Reached XP level 9. HP: 46/73 MP: 1/12
  7632 | D:6      | Got a scintillating marble ring
  7644 | D:6      | Identified the ring of Usumiebb {rF+ Dex+3} (You found it on level 6 of the Dungeon)
  8129 | D:6      | Learned a level 1 spell: Confusing Touch
  8560 | D:7      | Reached skill level 10 in Unarmed Combat
  8802 | D:7      | Found a radiant altar of Vehumet.
  8934 | D:7      | Found an iron altar of Okawaru.
  9260 | D:7      | Reached XP level 10. HP: 81/84 MP: 13/13
  9327 | D:7      | Found a blossoming altar of Fedhas.
  9363 | D:7      | Found a snail-covered altar of Cheibriados.
  9966 | D:8      | Found Ejut Eru Peh's General Store.
 10158 | D:8      | Found a deep blue altar of Sif Muna.
 10206 | D:8      | Found a hide-covered altar of Uskayaw.
 10210 | D:8      | Found a burning altar of Makhleb.
 10258 | D:8      | Found a sand-covered staircase.
 10349 | Ossuary  | Entered an ossuary
 10619 | Ossuary  | Learned a level 4 spell: Ice Form
 10820 | D:8      | Found a bloodstained altar of Trog.
 11156 | D:8      | Reached skill level 1 in Hexes
 11487 | D:8      | Found a staircase to the Lair.
 11591 | D:8      | Reached skill level 11 in Unarmed Combat
 11899 | D:8      | Noticed a two-headed ogre
 11905 | D:8      | Killed a two-headed ogre
 11929 | D:7      | Became a worshipper of Cheibriados the Contemplative
 12291 | D:9      | Reached skill level 1 in Invocations
 12302 | D:9      | HP: 2/87 [yak (15)]
 12310 | D:9      | Mangled by a yak

Skill      XL: |  1  2  3  4  5  6  7  8  9 10 |
---------------+-------------------------------+-----
Unarmed Combat | 4 6 7 9 10 11 | 11.3
Transmutations | 3 5 7 8 9 |  9.4
Dodging        | 2 4 |  4.2
Fighting       | 2 3 4 |  4.7
Spellcasting   | 3 |  3.0
Hexes          | 2 |  2.0
Invocations    | 1 |  1.2

Action                   |  1- 3 |  4- 6 |  7- 9 | 10-12 || total
-------------------------+-------+-------+-------+-------++-------
Melee: Unarmed           |   129 |   163 |   313 |   225 ||   830
       Headbutt          |     6 |     6 |       |       ||    12
       Punch             |       |     3 |     4 |     9 ||    16
       Tailslap          |       |     4 |    17 |    21 ||    42
 Cast: Beastly Appendage |    19 |    15 |     1 |       ||    35
       Spider Form       |     1 |    12 |    29 |     8 ||    50
       Sticks to Snakes  |       |     2 |     1 |       ||     3
       Blade Hands       |       |       |     8 |     8 ||    16
       Confusing Touch   |       |       |     3 |     1 ||     4
 Abil: Spit Poison       |     2 |     9 |    13 |     2 ||    26
  Use: Potion            |     5 |     3 |     3 |     1 ||    12
       Scroll            |       |       |    11 |     3 ||    14
 Stab: Confused          |       |       |     2 |     1 ||     3
  Eat: Chunk             |     3 |     7 |    23 |     7 ||    40
       Fruit             |       |       |     2 |     5 ||     7
Armor: Robe              |    30 |    42 |    26 |    38 ||   136
       Skin              |     1 |     4 |     6 |     4 ||    15
Dodge: Dodged            |    79 |   127 |   211 |   138 ||   555
